 Dungeon Crawl Stone Soup version 0.28.0-43-g3370ac3207 (webtiles) character file.

Game seed: 16353495465951070162

184 tizbic2 the Skirmisher (level 5, -3/47 HPs)
             Began as a Draconian Fighter on Mar 14, 2022.
             Slain by an iguana (7 damage)
             ... on level 4 of the Dungeon.
             The game lasted 00:11:15 (2579 turns).

tizbic2 the Skirmisher (Draconian Fighter)          Turns: 2579, Time: 00:11:15

Health: -3/47      AC:  6    Str: 18    XL:     5   Next: 36%
Magic:  5/5        EV: 12    Int: 17    God:
Gold:   74         SH:  4    Dex: 10    Spells: 4/4 levels left

rFire   . . .      SeeInvis +   a - +0 war axe
rCold   . . .      Faith    .   b - +0 buckler
rNeg    . . .      Spirit   .   (armour unavailable)
rPois   .          Reflect  .   (helmet restricted)
rElec   .          Harm     .   q - +0 cloak
rCorr   .          Rampage  .   (no gloves)
Will    .....                   (no boots)
Stlth   +.........              (no amulet)
HPRegen 0.15/turn               s - +6 ring of intelligence
MPRegen 0.09/turn               p - ring of see invisible

@: mighty
A: AC +5, unfitting armour, cold-blooded
a: no special abilities


You were on level 4 of the Dungeon.
You visited 1 branch of the dungeon, and saw 4 of its levels.

You collected 74 gold pieces.

Inventory:

Hand Weapons
 a - a +0 war axe (weapon)
 t - a +0 battleaxe
Missiles
 j - 17 poisoned darts (quivered)
 k - 2 curare-tipped darts
 l - 9 stones
Armour
 b - a +0 buckler (worn)
 q - a +0 cloak (worn)
Jewellery
 d - a ring of magical power
 p - a ring of see invisible (right hand)
 s - a +6 ring of intelligence (left hand)
Wands
 r - a wand of flame (9)
Scrolls
 e - 2 scrolls of teleportation {unknown}
 f - a scroll of identify {unknown}
 u - a scroll of blinking {unknown}
 v - a scroll of noise {unknown}
Potions
 g - a potion of flight {unknown}
 h - 3 potions of curing {unknown}
 i - 2 potions of lignification {unknown}
 m - a potion of brilliance {unknown}
 n - a potion of haste {unknown}
 o - a potion of heal wounds {unknown}


   Skills:
 + Level 4.4 Fighting
 * Level 4.2 Axes
 - Level 2.6 Dodging
 + Level 3.9 Shields


You had 4 spell levels left.
You didn't know any spells.
Your spell library contained the following spells:

 Spells                   Type           Power      Damage    Failure   Level
 Summon Small Mammal      Summ           0%         N/A       30%         1
 Call Canine Familiar     Summ           0%         N/A       65%         3
 Summon Guardian Golem    Hex/Summ       0%         N/A       65%         3


Dungeon Overview and Level Annotations

Branches:
Dungeon (4/15)
 Temple: D:4-7

Altars:
Gozag
Zin

Annotations:
D:3 3 runed translucent doors, boopmooplesden's ghost, amateur MiBe


Innate Abilities, Weirdness & Mutations

Your plain brown scales are hard. (AC +5)
You cannot fit into any form of body armour.
You are cold-blooded and may be slowed by cold attacks.


Message History

The orc wizard barely misses you.
You feel less confused.
The orc wizard gestures wildly while chanting.
The orc wizard flickers and vanishes for a moment.
You hit the orc wizard.
The orc wizard is heavily wounded.
The orc wizard hits you but does no damage.
You slash the orc wizard!
You kill the orc wizard!
Things that are here:
a +0 dagger; a +0 robe; an orc corpse You see here a +0 battleaxe.
t - a +0 battleaxe
u - a scroll labelled XUDDOT CEFALOFU You open the door.
Found a glowing silver altar of Zin.
There is an open door here.
You open the door.
Found an emerald potion.
An iguana comes into view.
Found 7 gold pieces.
Found an opulent altar of Gozag.
There is an open door here.
The iguana hisses angrily.
You see here an emerald potion.
You see here a scroll labelled KOBEIL QEOFEJAMM.
v - a scroll labelled KOBEIL QEOFEJAMM You barely miss the iguana.
The iguana bites you! x2
You barely miss the iguana. The iguana bites you.
You hit the iguana.
The iguana is moderately wounded.
The iguana bites you!
* * * LOW HITPOINT WARNING * * *
The iguana bites you!
* * * LOW HITPOINT WARNING * * *
You feel very mighty all of a sudden. The iguana closely misses you.
You slash the iguana!
The iguana is almost dead.
The iguana bites you!
You die...

.. $_$.. ##. ...
$$$..# ## #..
....##... .#. ..
...#.... ... #
#..#..# ### ##
..#.....# ### .#.
..l.....#######!.#
....
#l!'.._..+..#..#..
##@.###.###..#.##..
.#...# #.# #....#...
........###'###..#
....
#..##...........#
#..## #.
###.........##.....
..
.#..................
.
..............#####.
........)....####...
.......>.......<...#


You could see an iguana.

Vanquished Creatures
  2 hounds
  An orc wizard (D:4)
  3 adders
  4 dart slugs
  5 orcs (D:3)
  6 endoplasms
  3 goblins
  6 hobgoblins
  4 jackals (D:3)
  3 quokkas
  3 ball pythons
  5 bats
  2 frilled lizards (D:1)
  9 kobolds
  6 rats
62 creatures vanquished.

Vanquished Creatures (others)
  A giant cockroach (D:1)
  2 fungi (D:3)
  2 plants (D:3)
5 creatures vanquished.

Grand Total: 67 creatures vanquished

Notes
Turn   | Place    | Note
-------+----------+-------------------------------------------
     0 | D:1      | tizbic2 the Draconian Fighter began the quest for the Orb.
     0 | D:1      | Reached XP level 1. HP: 19/19 MP: 1/1
   348 | D:1      | Reached XP level 2. HP: 26/26 MP: 2/2
  1096 | D:2      | Reached XP level 3. HP: 33/33 MP: 3/3
  1667 | D:3      | Found a faded altar of an unknown god.
  1673 | D:3      | Reached XP level 4. HP: 39/40 MP: 4/4
  2173 | D:3      | Found a runed translucent gate.
  2173 | D:3      | Found a runed translucent gate.
  2173 | D:3      | Found a runed translucent gate.
  2175 | D:3      | Noticed boopmooplesden's ghost (amateur MiBe)
  2176 | D:3      | Noticed a kobold brigand
  2407 | D:4      | Noticed a necrophage
  2496 | D:3      | Reached XP level 5. HP: 47/47 MP: 5/5
  2562 | D:4      | Found a glowing silver altar of Zin.
  2569 | D:4      | Found an opulent altar of Gozag.
  2579 | D:4      | Slain by an iguana

Illustrated notes

Levels and vault maps discovered:
D:1:      enne_arrival_octagon_isle, layout_basic
D:2:      layout_basic, minmay_misc_feat_iff
D:3:      layout_rooms, gammafunk_ghost_nasty_kobolds,
          dreamdust_ecumenical_altar_angels_and_demons
D:4:      layout_cave_pools, nicolae_gozag_seed_capital,
          yredelemnul_altar_generic, lemuel_doored_altar

Skill      XL: |  1  2  3  4 |
---------------+-------------+-----
Axes           | 3 4 |  4.2
Fighting       | 4 |  4.4
Dodging        | |  2.6
Shields        | |  3.9

Action                   |  1- 3 |  4- 6 || total
-------------------------+-------+-------++-------
Melee: War axe           |    87 |    78 ||   165
       Tailslap          |     8 |     8 ||    16
Throw: Dart              |     4 |       ||     4
  Use: Potion            |       |     1 ||     1
 Stab: Sleeping          |     1 |     1 ||     2
Armor: Skin              |    25 |    34 ||    59
Dodge: Dodged            |    51 |    49 ||   100
Block: Buckler           |    17 |    12 ||    29
